 Dungeon Crawl Stone Soup version 0.28-a0-793-g31680bbd8b (webtiles) character file.

Game seed: 5307135018890304269

5 croobank the Magician (level 1, -1/10 HPs)
             Began as a Deep Elf Hedge Wizard on Nov 5, 2021.
             Slain by a jackal (3 damage)
             ... on level 1 of the Dungeon.
             The game lasted 00:02:17 (81 turns).

croobank the Magician (Deep Elf Hedge Wizard)         Turns: 81, Time: 00:02:18

Health: -1/10      AC:  2    Str:  7    XL:     1   Next: 66%
Magic:  2/8        EV: 12    Int: 18    God:
Gold:   0          SH:  0    Dex: 14    Spells: 8/9 levels left

rFire   . . .      SeeInvis .   e - +0 short sword
rCold   . . .      Faith    .   (no shield)
rNeg    . . .      Spirit   .   b - +0 robe
rPois   .          Reflect  .   c - +0 hat
rElec   .          Harm     .   (no cloak)
rCorr   .          Rampage  .   (no gloves)
Will    .....                   (no boots)
Stlth   ++........              (no amulet)
HPRegen 0.03/turn               (no ring)
MPRegen 0.11/turn               (no ring)

@: no status effects
A: no striking features
a: no special abilities


You were on level 1 of the Dungeon.
You visited 1 branch of the dungeon, and saw 1 of its levels.

Inventory:

Hand Weapons
 a - a +0 dagger
 e - a +0 short sword (weapon)
Armour
 b - a +0 robe (worn)
 c - a +0 hat (worn)
Scrolls
 d - a scroll of magic mapping {unknown}


   Skills:
 + Level 2.4 Dodging
 + Level 2.4 Stealth
 + Level 4.9 Spellcasting
 + Level 1.1 Conjurations
 + Level 1.1 Summonings
 + Level 1.1 Translocations


You had 8 spell levels left.
You knew the following spells:

 Your Spells              Type           Power      Damage    Failure   Level
a - Magic Dart            Conj           32%        1d4       9%          1

Your spell library contained the following spells:

 Spells                   Type           Power      Damage    Failure   Level
 Blink                    Tloc           16%        N/A       13%         2
 Call Imp                 Summ           8%         N/A       13%         2
 Slow                     Hex            16%        N/A       14%         1
 Conjure Flame            Conj/Fire      6%         6-21      32%         3
 Mephitic Cloud           Conj/Pois/Air  5%         N/A       34%         3


Dungeon Overview and Level Annotations

Branches:
Dungeon (1/15)

Altars:


Message History

The magic dart hits the hobgoblin.
The hobgoblin is moderately wounded.
A jackal comes into view.
The hobgoblin closely misses you. The hobgoblin closely misses you.
Aiming: Magic Dart (safe; 9% risk of failure)
Press: ? - help, Q - select action Shift-Dir - straight line, f - hobgoblin, p - hobgoblin
Aim: a hobgoblin (100% to hit)
The magic dart hits the hobgoblin but does no damage.
The hobgoblin completely misses you.
You hit the hobgoblin.
The hobgoblin is almost dead.
The hobgoblin barely misses you.
The hobgoblin hits you but does no damage.
You closely miss the hobgoblin.
The hobgoblin is almost dead.
The hobgoblin barely misses you. The hobgoblin closely misses you.
You hit the hobgoblin.
You kill the hobgoblin!
A jackal comes into view.
The hobgoblin barely misses you.
Aiming: Magic Dart (safe; 9% risk of failure)
Press: ? - help, Q - select action Shift-Dir - straight line, f - hobgoblin
Aim: a hobgoblin (moderately wounded, 100% to hit)
You miscast Magic Dart.
You are very lightly contaminated with residual magic.
Nothing appears to happen.
The hobgoblin barely misses you.
A jackal comes into view.
Found 10 gold pieces.
The jackal barks!
You hear a bark!
The jackal bites you. The jackal bites you.
Your magical contamination has completely faded away.
The jackal barely misses you.
Found a book of Burglary.
The jackal bites you.
* * * LOW HITPOINT WARNING * * *
The jackal bites you.
You die...

#####
###########...#######
..#.....h.............#
.......@hg......#####.#
.....$.......#...####..#
.:#######....###...###..
.# ..##....# ###.# .. ..
###.#....#####.###.h
#.#...............
##+.#....#####.#.###
..##....##.......#
#######...###†......#


You could see 2 jackals and a hobgoblin.

Vanquished Creatures
  A bat (D:1)
  A hobgoblin (D:1)
  A jackal (D:1)
  A kobold (D:1)
  A rat (D:1)
5 creatures vanquished.

Notes
Turn   | Place    | Note
-------+----------+-------------------------------------------
     0 | D:1      | croobank the Deep Elf Hedge Wizard began the quest for the
                  | Orb.
     0 | D:1      | Reached XP level 1. HP: 10/10 MP: 7/7
    81 | D:1      | Slain by a jackal

Illustrated notes

Levels and vault maps discovered:
D:1:      minmay_arrival_stone_box, layout_rooms

Action                   || total
-------------------------++-------
Melee: Short sword       ||     8
       Dagger            ||     4
 Cast: Magic Dart        ||    12
Armor: Robe              ||     3
Dodge: Dodged            ||    18

Table legend: (Time is in decaauts)
 A = Elapsed time spent in this place.
 B = Non-inter-level travel time spent in this place.
 C = Inter-level travel time spent in this place.
 D = Time resting spent in this place.
 E = Time spent auto-exploring this place.
 F = Levels seen in this place.
 G = Mean time per level.
                   A        B        C        D        E       F      G
               +--------+--------+--------+--------+--------+-----+--------+
         Total |     81 |     81 |      0 |      2 |      8 |   1 |   81.0 |
       Dungeon |     81 |     81 |      0 |      2 |      8 |   1 |   81.0 |
               +--------+--------+--------+--------+--------+-----+--------+

Top non-repeatable levels by time:
     D:1: 81 daAuts
